 Dungeon Crawl Stone Soup version 0.20-a0-517-g5f97612 (webtiles) character file.

348 kroki the Stinger (level 6, -4/41 HPs)
             Began as an Octopode Transmuter on Jan 24, 2017.
             Killed from afar by Sigmund (7 damage)
             ... with a magic dart
             ... on level 3 of the Dungeon.
             The game lasted 00:10:03 (4399 turns).

kroki the Stinger (Octopode Transmuter)             Turns: 4399, Time: 00:10:05

Health: -4/41      AC:  1    Str:  9    XL:     6   Next: 60%
Magic:  9/9        EV: 14    Int: 17    God:
Gold:   99         SH:  0    Dex: 13    Spells: 3/9 levels left

rFire    . . .     SeeInvis .   d - +1 dagger (venom)
rCold    . . .     Gourm    .   (no shield)
rNeg     . . .     Faith    .   (helmet restricted)
rPois    .         Spirit   .   (no amulet)
rElec    .         Reflect  .   (no ring)
rCorr    .         Harm     .   (no ring)
MR       .....                  (no ring)
Stlth    +++.......             (no ring)
Regen    0.2/turn               (no ring)
                                (no ring)
                                (no ring)
                                (no ring)

@: exhausted, flying, slowed, very slow
A: almost no armour, stealthy swim, amphibious, 8 rings, constrict 8, camouflage
1, gelatinous body 1
a: no special abilities


You were on level 3 of the Dungeon.
You were not hungry.

You visited 1 branch of the dungeon, and saw 3 of its levels.

You collected 99 gold pieces.

Inventory:

Hand Weapons
 d - a +1 dagger of venom (weapon)
   (You took it off a goblin on level 1 of the Dungeon)
 s - a +0 blowgun
   (You took it off a kobold on level 3 of the Dungeon)
Missiles
 a - 18 arrows
 t - a curare-tipped needle
Armour
 p - a +0 shield
   (You found it on level 2 of the Dungeon)
Jewellery
 n - an uncursed ring of teleportation {+/*tele, !d}
   (You found it on level 2 of the Dungeon)
Scrolls
 f - a scroll of fog
 h - 3 scrolls of teleportation
 j - 2 scrolls of recharging
 u - a scroll of remove curse
Potions
 g - 2 potions of mutation {unknown}
 i - a potion of agility
 o - a potion of degeneration {!q}
Books
 b - a book of Changes
Comestibles
 c - 2 bread rations {@e1}
 k - a fruit
 l - 4 meat rations {@e2}
 q - a chunk of flesh {@w0}


   Skills:
 + Level 2.4 Fighting
 + Level 3.4 Dodging
 * Level 3.4 Stealth
 - Level 3.0 Unarmed Combat
 - Level 2.0 Spellcasting
 - Level 3.4 Transmutations
 - Level 4.0 Poison Magic


You had 3 spell levels left.
You knew the following spells:

 Your Spells              Type           Power        Failure   Level  Hunger
a - Beastly Appendage     Tmut           ##....       6%          1    #......
c - Spider Form           Tmut/Pois      ##........   14%         3    ###....
s - Sticks to Snakes      Tmut           ##......     10%         2    ###....


Dungeon Overview and Level Annotations

Branches:
Dungeon (3/15)

Altars:
Uskayaw
Zin

Annotations:
D:3 Grinder, Sigmund


Innate Abilities, Weirdness & Mutations

You cannot wear most types of armour.
You are very stealthy in the water. (Stealth+)
You are amphibious.
You can wear up to eight rings at the same time.
You can use your tentacles to constrict eight enemies at once.
Your skin changes colour to match your surroundings (Stealth+).
Your rubbery body absorbs attacks. (AC +1, EV +1)


Message History

Natasha drinks a potion.
Natasha flickers and vanishes!
Deactivating autopickup; reactivate with Ctrl-A.
You hit something but do no damage.
You hear some strange, mumbled words.
You feel yourself slow down.
You closely miss something. Something claws you! Something barely misses you.
You take 8 damage, and have 31/39 hp.
MASSIVE DAMAGE!!
You miss something. Something barely misses you.
You closely miss something. Something barely misses you.
You hear some strange, mumbled words.
Something tries to affect you, but you resist.
You hit something.
You hear some strange, mumbled words.
A magic dart appears from out of thin air!
The magic dart hits you!
You take 5 damage, and have 26/39 hp.
Unknown command.
You hit something but do no damage. Something claws you!
You take 8 damage, and have 18/39 hp.
MASSIVE DAMAGE!!
You barely miss something. Something claws you.
You hear some strange, mumbled words.
A magic dart appears from out of thin air!
The magic dart hits you!
* * * LOW HITPOINT WARNING * * *
You take 14 damage, and have 4/39 hp.
MASSIVE DAMAGE!!
You miss something. Something closely misses you.
Unknown command.
You feel better.
Your transformation is almost over.
Something claws you.
* * * LOW HITPOINT WARNING * * *
Something misses you.
You regained 7 hp, and now have 11/39 hp.
Really quaff
e - a potion of berserk rage {!q}?
A red film seems to cover your vision as you go berserk!
You feel yourself moving faster!
You feel mighty! Something claws you!
* * * LOW HITPOINT WARNING * * *
You now have 10/58 hp.
Unknown command.
You miss something.
You hear some strange, mumbled words.
Something tries to affect you, but you resist.
You closely miss something.
The orc shouts!
Something closely misses you.
You bite something!
Reactivating autopickup.
Your Stealth skill increases to level 3!
You feel a bit more experienced.
You bite the orc!
You kill the orc!
Things that are here:
a short sword; a potion of invisibility; an orc corpse You bite the orc!
You kill the orc!
Your transformation has ended.
Your +1 dagger of venom unmelds from your body.
Your +1 dagger of venom begins to drip with poison!
The orc hits you with a club.
* * * LOW HITPOINT WARNING * * *
Things that are here:
a short sword; a leather armour You take 3 damage, and have 8/61 hp.
You puncture the orc!
You kill the orc!
You are too berserk!
You closely miss the orc. Your grab misses the orc.
Your tentacle-slap misses the orc.
You squeeze the orc!
You kill the orc!
The orc priest begins to cast a cantrip, but forgets the words!
MP restored: 9 Sigmund shouts!
The orc priest barely misses you.
Items here: )) †† a war axe; a club; an orc corpse x2
You hit the orc priest. Your grab misses the orc priest.
The orc priest hits you.
* * * LOW HITPOINT WARNING * * *
You take 1 damage, and have 8/61 hp.
You hit the orc priest.
The orc priest is poisoned.
You grab the orc priest.
You are no longer berserk.
You are exhausted.
You feel as though you will be slow longer.
You constrict the orc priest. The orc priest hits you.
* * * LOW HITPOINT WARNING * * *
You now have 2/41 hp.
It was a potion of flight.
You feel very buoyant.
You fly up into the air.
You constrict the orc priest.
You kill the orc priest!
Sigmund gestures wildly while chanting.
Sigmund flickers and vanishes!
Deactivating autopickup; reactivate with Ctrl-A.
A magic dart appears from out of thin air!
The magic dart hits you!
You die...

..P.P###...h.≈.≈...#≈##≈≈.≈#.#...
.##### #...........#≈#######≈#...
.# ##...........##≈≈..≈.≈##.## .#
#............##########..# .#
#........................# .#
#.........{.....##..####.# .#
##########.########..# #.# .# #.#
#..###.## .# #@# ##..##... .# #)#
#....♣P) .# #)#########...≈≈.≈ .#
#.............≈≈≈P .#
#)..........P≈≈≈≈≈ .#
###########..≈≈P≈≈ .# #..P.≈≈≈ .#
#...≈≈≈≈ .# #...#...


There were no monsters in sight!

Vanquished Creatures
  A howler monkey (D:3)
  2 orc priests (D:3)
  Natasha (thrice) (D:3)
  6 adders
  A river rat (D:3)
  An ooze (D:2)
  5 worms
  3 dart slugs
  5 leopard geckos
  7 orcs (D:3)
  7 giant cockroaches
  8 hobgoblins
  A quokka (D:3)
  A ball python (D:1)
  8 bats
  9 frilled lizards
  7 goblins
  9 kobolds
  7 rats
91 creatures vanquished.

Notes
Turn   | Place    | Note
-------+----------+-------------------------------------------
     0 | D:1      | kroki the Octopode Transmuter began the quest for the Orb.
     0 | D:1      | Reached XP level 1. HP: 13/13 MP: 3/3
   281 | D:1      | Reached XP level 2. HP: 18/18 MP: 3/5
   288 | D:1      | Learned a level 2 spell: Sticks to Snakes
   536 | D:1      | Reached skill level 3 in Transmutations
  1155 | D:1      | Reached XP level 3. HP: 23/23 MP: 4/6
  1305 | D:1      | Learned a level 3 spell: Spider Form
  1533 | D:2      | Reached skill level 1 in Poison Magic
  2186 | D:2      | Reached XP level 4. HP: 28/28 MP: 7/7
  2427 | D:2      | Reached skill level 2 in Poison Magic
  3126 | D:3      | Reached skill level 1 in Stealth
  3126 | D:3      | Reached XP level 5. HP: 28/34 MP: 8/8
  3167 | D:3      | Noticed Natasha
  3167 | D:3      | HP: 8/34 [Natasha/magic dart (6)]
  3173 | D:3      | Reached skill level 2 in Fighting
  3173 | D:3      | Reached skill level 2 in Stealth
  3173 | D:3      | Reached skill level 3 in Poison Magic
  3175 | D:3      | Killed Natasha
  3178 | D:3      | HP: 6/34 [adder (3)]
  3508 | D:3      | Noticed Grinder
  3582 | D:3      | Reached XP level 6. HP: 30/39 MP: 9/9
  3589 | D:3      | Found a glowing silver altar of Zin.
  3740 | D:3      | Found a hide-covered altar of Uskayaw.
  3742 | D:3      | Noticed Sigmund
  3795 | D:3      | Noticed Natasha
  3804 | D:3      | Killed Natasha
  3804 | D:3      | Reached skill level 3 in Dodging
  3855 | D:3      | Reached skill level 4 in Poison Magic
  4359 | D:3      | Noticed Natasha
  4383 | D:3      | HP: 4/39 [something/magic dart (10)]
  4389 | D:3      | Killed Natasha
  4389 | D:3      | Reached skill level 3 in Stealth
  4393 | D:3      | HP: 8/61 [orc/club (3)]
  4398 | D:3      | HP: 2/41 [orc priest (4)]
  4399 | D:3      | Killed from afar by Sigmund

Vault maps used:
D:1:      lemuel_arrival_muddy, serial_bayou_pond_b
D:3:      overflow_temple_1_default, eat_drink_and_be_merry_uskayaw,
          first_bread, gup_sewer_entry_spiral, serial_bayou,
          serial_bayou_lagoon_a, serial_bayou_ford_a, serial_bayou_lake_a,
          serial_bayou_pond_b, grunt_ministairs_15, roderic_serpentine_path,
          uniq_grinder, uniq_natasha, uniq_sigmund

Skill      XL: |  1  2  3  4  5  6 |
---------------+-------------------+-----
Transmutations | 3 |  3.4
Poison Magic   | 1 2 3 4 |  4.0
Stealth        | 1 2 3 |  3.4
Fighting       | 2 |  2.4
Dodging        | 3 |  3.4
Unarmed Combat | |  3.0
Spellcasting   | |  2.0

Action                   |  1- 3 |  4- 6 || total
-------------------------+-------+-------++-------
Melee: Unarmed           |    45 |    35 ||    80
       Kick              |    11 |       ||    11
       Constrict         |    22 |    26 ||    48
       Tentacles         |    17 |    15 ||    32
       Dagger            |    45 |    96 ||   141
       Punch             |       |     2 ||     2
 Fire: Blowgun           |       |     2 ||     2
 Cast: Beastly Appendage |    16 |       ||    16
       Spider Form       |     1 |     6 ||     7
 Abil: End Transformatio |       |     1 ||     1
  Use: Scroll            |     6 |     3 ||     9
       Potion            |       |     3 ||     3
 Stab: Sleeping          |     3 |     6 ||     9
  Eat: Chunk             |     4 |     8 ||    12
Armor: Skin              |     6 |     5 ||    11
Dodge: Dodged            |    56 |    63 ||   119

Vault maps used:
D:1:      lemuel_arrival_muddy, serial_bayou_pond_b
D:3:      overflow_temple_1_default, eat_drink_and_be_merry_uskayaw,
          first_bread, gup_sewer_entry_spiral, serial_bayou,
          serial_bayou_lagoon_a, serial_bayou_ford_a, serial_bayou_lake_a,
          serial_bayou_pond_b, grunt_ministairs_15, roderic_serpentine_path,
          uniq_grinder, uniq_natasha, uniq_sigmund

Table legend:
 A = Turns spent in this place as a percentage of turns spent in the entire game.
 B = Non-inter-level travel turns spent in this place as a percentage of non-inter-level travel turns spent in the entire game.
 C = Inter-level travel turns spent in this place as a percentage of turns spent in this place.
 D = Turns resting spent in this place as a percentage of non-inter-level travel turns spent in this place.
 E = Turns spent auto-exploring this place as a percentage of non-inter-level travel turns spent in this place.
 F = Non-inter-level travel turns spent in this place divided by the number of levels of this place that you've seen.
                   A       B       C       D       E      F
               +-------+-------+-------+-------+-------+----------------------
         Total | 100.0 | 100.0 |   0.6 |   3.1 |   6.1 | 527.7
       Dungeon | 100.0 | 100.0 |   0.6 |   3.1 |   6.1 | 527.7
               +-------+-------+-------+-------+-------+----------------------

Table legend:
 A = Kills in this place as a percentage of kills in entire the game.
 B = Kills by you in this place as a percentage of kills by you in the entire game.
 C = Kills by friends in this place as a percentage of kills by friends in the entire game.
 D = Other kills in this place as a percentage of other kills in the entire game.
 E = Experience gained in this place as a percentage of experience gained in the entire game.
 F = Experience gained in this place divided by the number of levels of this place that you have seen.
                   A       B       C       D       E      F
               +-------+-------+-------+-------+-------+----------------------
         Total | 100.0 | 100.0 |  -nan |  -nan | 100.0 | 166.0
       Dungeon | 100.0 | 100.0 |  -nan |  -nan | 100.0 | 166.0
               +-------+-------+-------+-------+-------+----------------------
